 Dungeon Crawl Stone Soup version 0.27.1-33-g824d729ab1 (webtiles) character file.

Game seed: 8636792542669376205

11 Grabarz the Conjurer (level 2, -1/13 HPs)
             Began as a Vine Stalker Conjurer on Dec 7, 2021.
             Slain by a quokka (5 damage)
             ... on level 1 of the Dungeon.
             The game lasted 00:04:10 (794 turns).

Grabarz the Conjurer (Vine Stalker Conjurer)         Turns: 794, Time: 00:04:11

Health: -1/13      AC:  2    Str:  9    XL:     2   Next: 25%
Magic:  0/6        EV: 12    Int: 18    God:
Gold:   4          SH:  0    Dex: 12    Spells: 4/5 levels left

rFire    . . .     SeeInvis .   (no weapon)
rCold    . . .     Faith    .   (no shield)
rNeg     . . .     Spirit   +   a - +0 robe
rPois    .         Reflect  .   (no helmet)
rElec    .         Harm     .   (no cloak)
rCorr    .         Rampage  .   (no gloves)
Will     .....                  (no boots)
Stlth    ++........             (no amulet)
HPRegen  0.04/turn              (no ring)
MPRegen  0.10/turn              (no ring)

@: no status effects
A: fangs 2, magic shield, antimagic bite, no potion heal 2
a: no special abilities


You were on level 1 of the Dungeon.
You visited 1 branch of the dungeon, and saw 1 of its levels.

You collected 4 gold pieces.

Inventory:

Armour
 a - a +0 robe (worn)
Potions
 b - 2 potions of ambrosia {unknown}
 c - a potion of mutation {unknown}
 e - a potion of degeneration {unknown}


   Skills:
 + Level 1.5 Dodging
 + Level 2.5 Stealth
 + Level 2.3 Spellcasting
 + Level 4.3 Conjurations


You had 4 spell levels left.
You knew the following spells:

 Your Spells              Type           Power      Damage    Failure   Level
a - Magic Dart            Conj           68%        1d6       3%          1

Your spell library contained the following spells:

 Spells                   Type           Power      Damage    Failure   Level
 Searing Ray              Conj           34%        3d4       4%          2
 Dazzling Flash           Conj/Hex       20%        N/A       22%         3
 Fulminant Prism          Conj/Hex       5%         3d7       56%         4
 Iskenderun's Mystic Bla  Conj/Tloc      10%        2d4       56%         4
 Chain Lightning          Conj/Air       5%         3d6       100%        9
 Fire Storm               Conj/Fire      5%         8d1       100%        9


Dungeon Overview and Level Annotations

Branches:
Dungeon (1/15)

Altars:


Innate Abilities, Weirdness & Mutations

You have extremely sharp teeth.
When hurt, damage is shared between your health and your magic reserves.
Your bite disrupts and absorbs the magic of your enemies.
Potions cannot restore your health.


Message History

The hobgoblin closely misses you.
Aiming: Magic Dart (safe; 3% risk of failure)
Press: ? - help, Q - select action Shift-Dir - straight line, f/p - hobgoblin
Aim: a hobgoblin (severely wounded, 100% to hit)
The magic dart hits the kobold but does no damage.
The kobold closely misses you.
The kobold throws a stone.
The stone misses you.
Aiming: Magic Dart (safe; 3% risk of failure)
Press: ? - help, Q - select action Shift-Dir - straight line, f/p - hobgoblin
Aim: a hobgoblin (severely wounded, 100% to hit)
The magic dart hits the kobold.
The kobold is moderately wounded.
The kobold throws a stone.
The stone barely misses you.
Aiming: Magic Dart (safe; 3% risk of failure)
Press: ? - help, Q - select action Shift-Dir - straight line, f - kobold, p - hobgoblin
Aim: a kobold, wielding a +0 short sword and quivering stones (moderately wounded, 100% to hit)
The magic dart hits the kobold.
The kobold is severely wounded.
Aiming: Magic Dart (safe; 3% risk of failure)
Press: ? - help, Q - select action Shift-Dir - straight line, f/p - kobold
Aim: a kobold, wielding a +0 short sword and quivering stones (severely wounded, 100% to hit)
The magic dart hits the kobold.
You kill the kobold!
You open the door. The quokka bites you. The hobgoblin closely misses you.
There is an open door here.
The quokka bites you.
You closely miss the quokka. The quokka bites you.
Aiming: Magic Dart (safe; 3% risk of failure)
Press: ? - help, Q - select action Shift-Dir - straight line, f - quokka
Aim: a quokka (100% to hit)
The magic dart hits the quokka.
The quokka is moderately wounded.
The quokka barely misses you.
You hit the quokka but do no damage.
The quokka is moderately wounded.
The quokka bites you but does no damage.
You closely miss the quokka. You bite the quokka, but do no damage.
The quokka is moderately wounded.
The quokka bites you.
You die...

#......##..#######.#.# #.#.####
#.####.##..# #.#.# #.##.... #.#
#.##..#######.#.###.###.##
#.####.##................# ##.#
#.#....#...........#...#######.
#.........................)....
#.............g............####
#..(.......###r###.........#
###...♣....'####@####'....♣..#
#.........##.##..##..##......#
#.##....###..##.###.#####....#
#.##....#...###.....#...#....#
#.##...##.#####.#####.#.##...####
#..#.÷'##.####..#.....#..#'......
...>..#.#......##.######..#...###
#...)##.######..#.##...#####..#
#....##....# ##+#'##.#.#...#..#


You could see a quokka and a hobgoblin.

Vanquished Creatures
  2 giant cockroaches (D:1)
  A goblin (D:1)
  3 kobolds (D:1)
  2 bats (D:1)
  2 rats (D:1)
10 creatures vanquished.

Notes
Turn   | Place    | Note
-------+----------+-------------------------------------------
     0 | D:1      | Grabarz the Vine Stalker Conjurer began the quest for the
                  | Orb.
     0 | D:1      | Reached XP level 1. HP: 9/9 MP: 4/4
   563 | D:1      | Reached XP level 2. HP: 13/13 MP: 4/6
   794 | D:1      | Slain by a quokka

Illustrated notes

Levels and vault maps discovered:
D:1:      nicolae_arrival_somewhat_less_tricky_arrival, layout_basic,
          minmay_cut_off

Action                   || total
-------------------------++-------
Melee: Unarmed           ||     9
       Bite              ||     3
 Cast: Magic Dart        ||    21
  Use: Scroll            ||     3
Armor: Robe              ||     2
Dodge: Dodged            ||    11
